AoeStats
← RaivenHart

Lombardia

509155610Analyzed
2v2 RM · 8d ago on Sep 25, 2026· 31m 48s· 4 players
Game mode
Random Map
Map size
Medium (4 player)
Population
200
Speed
Normal
Resources
Standard
Victory
Conquest
Starting age
Dark Age
Ending age
Imperial Age
RankedLock teamsTeams togetherTeam positionsShared explorationLock speedFull tech treeHidden civsTurbo modeCheats
Victory
Defeat
🇦🇷 Khmer · Argentina
698
+12
🇦🇷 Japanese · Argentina
597
+16
🇲🇽 Inca · Mexico
634
-23
🇲🇽 Franks · Mexico
567
-13
jose.rodarte
1:07 Loom
12:14 Feudal Age
13:35 Wheelbarrow
13:03 Double-Bit Axe
18:41 Stone Mining
18:41 Gold Mining
25:58 Castle Age
26:53 Bow Saw
26:52 Squires
26:37 Gambesons
26:37 Arson
26:14 Pikeman
26:55 Man-at-Arms
27:49 Pikeman
28:16 Arson
28:23 Long Swordsman
31:23 Forging
31:13 Scale Mail Armor
31:18 Scale Barding Armor
31:04 Fletching
31:14 Padded Archer Armor
31:01 Light Cavalry
31:42 Husbandry
32:01 Hand Cart
31:23 Long Swordsman
31:24 Pikeman
koes08
12:57 Feudal Age
14:32 Champi Runner
19:36 Wheelbarrow
18:53 Double-Bit Axe
18:50 Horse Collar
19:04 Gold Mining
29:19 Castle Age
ShadezO.O
1:44 Loom
10:37 Feudal Age
11:57 Wheelbarrow
14:33 Town Watch
14:38 Double-Bit Axe
15:08 Horse Collar
15:33 Gold Mining
25:04 Castle Age
23:28 Stone Mining
24:50 Arson
26:02 Pikeman
26:06 Elite Skirmisher
30:30 Heavy Plow
30:45 Bow Saw
RaivenHart
8:29 Loom
14:51 Feudal Age
16:33 Town Watch
16:32 Horse Collar
16:39 Double-Bit Axe
16:47 Gold Mining
18:36 Man-at-Arms
19:03 Arson
27:58 Fletching
33:27 Castle Age
Connection lost

Rejoining the realm…

Still unreachable

The connection could not be restored.

Session expired

The server has moved on; the page needs a fresh start.